← All builds
Tech / Armada / Economy first / OBSERVED BUILD

Standard tech

Standard Tech play: rush T2 factory and constructor by ~4:15-4:33, upgrade the first mexes to advanced, and hand off constructors and army to Geo and allies while scaling eco over the game.

Usually first T2 con to Geo (85%)

#eco #t2 #team support · 732 distinct matches · 105 players · 59% of Armada Tech games · team won 53% of 850 · Recently observed

HOW TO PLAY IT

Key timing: T2 lab by 4:15

  1. Take 3 mex, then wind and a Bot Lab to open eco fast.
  2. Push T2 lab out, aim to pass T2 to air player.
  3. Get first T2 constructor building, prioritize mex upgrades over eco.
  4. Finish Advanced Metal Extractor, keep upgrading team's mex.
  5. Add fus and anti-nuke, keep feeding T2 cons and Umbrella/Citadel to team.

Phase by phase

TYPICAL OF ITS 732 GAMES
  1. 1
  2. 2
  3. 3
  4. 4
PLAY THE OPENING

Follow the example game's first 6:00 step by step: what to build now, what comes next, and where it goes. At 1× it keeps pace with your own game.

  1. 1

    Up to the Bot Lab

    Economy
    • Metal Extractor3Mex
    • Wind Turbine4Wind
    Order
    1. Bot LabBot Lab after 3 mex, 4 winddone ~1:17, middle half 1:13–1:32

    By 1:01 in all: 3 mex · 4 wind

    The example game in this phase · 3 steps
    1. Mex ×3
    2. Wind ×3
    3. Bot LabBot Labdone 1:07 · typical 1:17
  2. 2

    Bot Lab to Advanced Bot Lab

    Economy
    • Metal Extractor1Mex
    • Wind Turbine8Wind
    • Energy Storage1Energy storage
    Order
    1. Advanced Bot LabAdvanced Bot Lab after 4 mex, 12 wind, 3 con turretdone ~4:15, middle half 4:04–4:27
    Builders
    • Construction Turret3 Con turret
    • Lazarus3 Lazarus
    • Construction Bot2 Con bot
    • Construction Bot1 Con bot for allies

    Some games also: converter (36%)

    By 3:20 in all: 4 mex · 12 wind · 1 energy storage · 3 con turret

    The example game in this phase · 16 steps
    1. LazarusLazarus ×2
    2. Wind
    3. LazarusLazarus
    4. Wind
    5. Construction BotCon bot
    6. Wind
    7. LazarusLazarus
    8. Con turret
    9. LazarusLazarus
    10. Con turret ×2
    11. Mex
    12. Wind ×4
    13. Energy storage
    14. Wind ×4
    15. Converter ×2
    16. Advanced Bot LabAdvanced Bot Labdone 4:15 · typical 4:15
  3. 3

    Advanced Bot Lab to 5:00

    Economy
    • Wind Turbine2Wind
    Builders
    • Advanced Construction Bot1 T2 con bot for allies

    Some games also: converter (35%)

    By 5:00 in all: 4 mex · 15 wind · 2 converter · 1 energy storage · 3 con turret

    The example game in this phase · 5 steps
    1. Converter ×2
    2. Advanced Construction BotT2 con botfor Geo
    3. Advanced Metal ExtractorT2 mexdone 5:18 · typical 5:28
    4. Advanced Construction BotT2 con botfor Air
    5. Advanced Metal ExtractorT2 mex
  4. 4

    5:00 to 10:00

    Economy
    • Wind Turbine44Wind
    • Energy Converter6Converter
    Builders
    • Butler8 Butler
    • Advanced Construction Bot4 T2 con bot for allies
    • Advanced Construction Bot1 T2 con bot

    Some games also: con turret (47%) · Butler for allies (38%)

    By 10:00 in all: 4 mex · 59 wind · 8 converter · 1 energy storage · 3 con turret

    The example game in this phase · 144 steps
    1. Advanced Metal ExtractorT2 mex
    2. Advanced Construction BotT2 con botfor Geo sea
    3. Wind
    4. ButlerButler
    5. Wind
    6. ButlerButler
    7. Advanced Metal ExtractorT2 mex
    8. ButlerButler
    9. Wind
    10. ButlerButler
    11. Wind
    12. ButlerButler
    13. Wind
    14. Advanced Construction BotT2 con botfor Beach sea
    15. Wind
    16. ButlerButler
    17. Wind ×3
    18. Advanced Construction BotT2 con bot
    19. Wind ×22
    20. ButlerButler
    21. Wind ×3
    22. ButlerButler
    23. Wind ×2
    24. ButlerButler
    25. Wind ×2
    26. ButlerButler
    27. Wind
    28. ButlerButlerfor Geo sea
    29. Wind ×2
    30. ButlerButlerfor Geo sea
    31. Wind ×2
    32. ButlerButler
    33. Wind
    34. Converter
    35. Wind
    36. ButlerButler
    37. Wind ×3
    38. Con turret
    39. Converter ×2
    40. Wind ×2
    41. Con turret
    42. Wind ×2
    43. Converter ×2
    44. Fusion ReactorFusiondone 10:39
    45. Con turret
    46. Wind ×3
    47. Converter ×2
    48. Wind ×3
    49. Con turret
    50. Wind
    51. Converter ×2
    52. Wind ×6
    53. Converter ×2
    54. Con turret
    55. Wind ×3
    56. Converter
    57. Wind
    58. Converter
    59. Wind ×5
    60. Converter ×2
    61. Wind
    62. Fusion ReactorFusion
    63. Wind ×4
    64. Converter
    65. Wind
    66. Converter
    67. Wind ×2
    68. Converter
    69. Wind ×3
    70. Converter ×2
    71. Wind ×2
    72. Converter
    73. Wind ×2
    74. Converter ×2
    75. Wind ×3
    76. Converter
    77. Wind ×2
    78. Converter
    79. Wind
    80. Converter
    81. Wind ×3
    82. Converter
    83. Con turret
    84. Converter
    85. Wind ×2
    86. Converter
    87. Wind
    88. Con turret ×2
    89. Wind ×2
    90. Converter
    91. Wind
    92. Vehicle PlantVehicle Plantdone 11:42
    93. Converter ×2
    94. Wind ×2
    95. Vehicle PlantVehicle Plantdone 11:51
    96. Wind
    97. Converter
    98. BlitzBlitz
    99. Wind
    100. Converter
    101. BlitzBlitz
    102. Converter
    103. Wind
    104. Converter
    105. BlitzBlitz
    106. Wind
    107. BlitzBlitz ×4
    108. Converter
    109. BlitzBlitz ×3
    110. Converter
    111. BlitzBlitz
    112. Converter
    113. BlitzBlitz ×2
    114. Converter
    115. BlitzBlitz ×3
    116. Converter
    117. BlitzBlitz
    118. Converter
    119. BlitzBlitz ×2
    120. Converter
    121. BlitzBlitz ×2
    122. Converter
    123. BlitzBlitz ×2
    124. Converter
    125. BlitzBlitz
    126. Converter
    127. StoutStout ×2
    128. Converter
    129. StoutStout
    130. Converter
    131. StoutStout
    132. Converter ×2
    133. StoutStout ×2
    134. Converter ×2
    135. StoutStout ×2
    136. Converter
    137. StoutStout
    138. Converter
    139. StoutStout
    140. Converter
    141. JanusJanus
    142. Converter
    143. JanusJanus
    144. Advanced Metal ExtractorT2 mex

Counts are medians over the build's games: half of them build more, half fewer. The example game is SauceDispenser's (36 OS, 27/09/2026); pick another.

Team trades

IN AT LEAST 30% OF ITS GAMES

You hand over

  • Construction Bot1 Con bot to Airfirst at 2:23 · in 88% of games
  • Advanced Construction Bot5 T2 con bot to Air or Geo sea or Pondfirst at 4:47 · in 99% of games
  • Sharpshooter2 Sniper bot to Pondfirst at 5:21 · in 33% of games
  • Butler2 Butler to Geo sea or Beach sea or Pondfirst at 9:03 · in 42% of games

You get

  • Hercules1 Light transport from Airfirst at 4:00 · in 86% of games

How it plays out

Typical game of this build, running totals by minute

Metal produced

020k40k
0:005:0010:0015:00

metal

Enemy metal destroyed

0200400
0:005:0010:0015:00

metal

Own metal lost

0100200300
0:005:0010:0015:00

metal

850 games.

Show as table
ByMetal produced: This buildEnemy metal destroyed: This buildOwn metal lost: This build
1:0038300
2:0091500
3:00164100
4:00315000
5:00486400
6:00581300
7:00724600
8:00910500
9:001126400
10:001358500
11:001641200
12:002000600
13:002373000
14:0027484110130
15:0031535348260
WHAT THE NUMBERS SAY

This is the role's baseline and wins slightly more than half its games with a huge metal lead but almost no kills, showing its value is economic not combat.

  • + Produces 31389 metal by 15:00, far above other roles.
  • + Reaches T2 lab and constructor by 4:15-4:33 almost every game.
  • − Barely destroys any enemy metal (400 by 15:00), no combat presence.
  • − Fusion Reactor and anti-nuke only land in 44% of games.
THE EXAMPLE YOU ARE READING

SauceDispenser

35.6 OS · 27/09/2026

Open source match ↗

1 received units
1112 metal received · 38827 energy received

Allied construction assistance is unknown. Timings are observations, not a promise of solo reproducibility.

Typical milestones

Bot Lab1:17Middle 50%: 1:13–1:32 · n=850
Advanced Bot Lab4:15Middle 50%: 4:04–4:27 · n=844
Advanced Metal Extractor5:28Middle 50%: 5:06–5:58 · n=848

Played most by

Amrissa100games of this buildSyphos39games of this buildKOT_38games of this buildAdeus33games of this buildTeaner31games of this build